 Dungeon Crawl Stone Soup version 0.27-a0-828-g8289197e94 (webtiles) character file.

Game seed: 2095854754571789971

469 polve the Changer (level 6, -2/61 HPs)
             Began as a Draconian Transmuter on Mar 30, 2021.
             Slain by an ogre
             ... wielding a +0 giant club
              (26 damage)
             ... on level 4 of the Dungeon.
             The game lasted 00:04:00 (2932 turns).

polve the Changer (Draconian Transmuter)            Turns: 2932, Time: 00:04:01

Health: -2/61      AC:  7    Str: 12    XL:     6   Next: 82%
Magic:  5/9        EV:  8    Int: 15    God:
Gold:   65         SH:  0    Dex: 12    Spells: 1/9 levels left

rFire    . . .     SeeInvis .     - Unarmed
rCold    + . .     Faith    .   (shield currently unavailable)
rNeg     . . .     Spirit   .   (armour unavailable)
rPois    +         Reflect  .   (helmet currently unavailable)
rElec    .         Harm     .   (cloak currently unavailable)
rCorr    .         Rampage  .   (gloves currently unavailable)
Will     .....                  (boots currently unavailable)
Stlth    +.........             b - amulet of regeneration
HPRegen  1.20/turn              f - ring of protection from cold
MPRegen  0.11/turn              (no ring)

@: hydra-form (expiring)
A: fast swimmer, devour, amphibious, boosted hp, AC +6, very large, unfitting
armour, (cold-blooded)
a: End Transformation


You were on level 4 of the Dungeon.
You were a two-headed hydra.
You visited 1 branch of the dungeon, and saw 4 of its levels.

You collected 65 gold pieces.

Inventory:

Armour
 a - a +0 pair of gloves of stealth
 n - a +0 pair of boots
Jewellery
 b - an amulet of regeneration (around neck)
 f - a ring of protection from cold (left foreclaw)
 h - a ring of fire
 j - an amulet of faith
Scrolls
 d - a scroll of identify {unknown}
 g - a scroll of blinking {unknown}
 i - a scroll of fear {unknown}
 l - a scroll of enchant armour {unknown}
Potions
 c - a potion of mutation {unknown}
 k - a potion of lignification {unknown}
 m - a potion of might {unknown}


   Skills:
 - Level 1.1 Fighting
 - Level 1.7 Dodging
 - Level 3.0 Unarmed Combat
 - Level 2.0 Spellcasting
 + Level 7.4 Transmutations


You had one spell level left.
You knew the following spells:

 Your Spells              Type           Power      Damage    Failure   Level
a - Beastly Appendage     Tmut           46%        N/A       1%          1
b - Wereblood             Tmut           23%        N/A       1%          2
c - Hydra Form            Tmut           11%        N/A       28%         5

Your spell library contained the following spells:

 Spells                   Type           Power      Damage    Failure   Level
 Spider Form              Tmut/Pois      6%         N/A       14%         3
 Ice Form                 Ice/Tmut       12%        N/A       43%         4


Dungeon Overview and Level Annotations

Branches:
Dungeon (4/15)
 Temple: D:4-7

Altars:
Makhleb
Nemelex Xobeh

Shops:
D:1 [   D:4 *

Annotations:
D:4 2 transporters, casual's ghost, weakling OpDe


Innate Abilities, Weirdness & Mutations

You are a two-headed hydra.
You swim very quickly.
You can devour living enemies to heal.
You are amphibious.
Your maximum health is greatly increased.
Your armour is entirely melded.
You are incapable of wielding weapons or throwing items.
((Your plain brown scales are hard. (AC +6)))
You cannot fit into any form of body armour.
((You are cold-blooded and may be slowed by cold attacks.))


Message History

Your horns disappear.
Your talons disappear.
You turn into a two-headed hydra.
Something hits you.
You nip at something.
Something hits you!
* * * LOW HITPOINT WARNING * * *
You bite something! Something hits you.
* * * LOW HITPOINT WARNING * * *
You nip at something.
Something hits you.
* * * LOW HITPOINT WARNING * * *
You nip at something but do no damage.
Something hits you but does no damage.
You closely miss something. Something hits you!
* * * LOW HITPOINT WARNING * * *
You closely miss something. Something hits you.
* * * LOW HITPOINT WARNING * * *
You feel better. Something hits you.
* * * LOW HITPOINT WARNING * * *
You feel better. Something hits you but does no damage.
You feel better. Something hits you.
You nip at something.
Something hits you.
You barely miss something.
You hear some strange, mumbled words.
A magic dart appears from out of thin air!
The magic dart hits you!
You nip at something but do no damage.
You hear some strange, mumbled words.
A magic dart appears from out of thin air!
The magic dart hits you.
* * * LOW HITPOINT WARNING * * *
You nip at something but do no damage.
Something hits you.
* * * LOW HITPOINT WARNING * * *
You nip at something.
Your transformation is almost over.
Sigmund appears from thin air!
Reactivating autopickup.
You nip at Sigmund.
You devour Sigmund!
You feel better.
You kill Sigmund!
Your Transmutations skill increases to level 7!
You bite the ogre!
The ogre is heavily wounded.
The ogre hits you with a +0 giant club!!
You die...

#####...###..........#
....>..## ##.........+
#####...# #..........#
# ##.#.#.##......[## #
###... ##.....## #...#
##...## ....... ##'##
... ... #O# #D# #.#
#)..# ......#
#.##....# # ##...#
..... #...## ..(.#


You could see an ogre.

Vanquished Creatures
  Sigmund (D:4)
  Purgy (D:3)
  A centaur (D:4)
  Ijyb (D:4)
  A hound skeleton (D:4)
  4 adders
  3 worms
  A dart slug (D:2)
  3 orcs
  7 ball pythons
  3 endoplasms
  6 giant cockroaches
  9 goblins
  7 hobgoblins
  4 jackals (D:3)
  2 kobolds
  A quokka (D:1)
  4 bats
  2 frilled lizards (D:1)
  4 rats
65 creatures vanquished.

Vanquished Creatures (others)
  6 plants (D:4)
6 creatures vanquished.

Grand Total: 71 creatures vanquished

Notes
Turn   | Place    | Note
-------+----------+-------------------------------------------
     0 | D:1      | polve the Draconian Transmuter began the quest for the Orb.
     0 | D:1      | Reached XP level 1. HP: 16/16 MP: 3/3
   241 | D:1      | Reached XP level 2. HP: 22/23 MP: 3/5
   244 | D:1      | Learned a level 2 spell: Wereblood
   301 | D:1      | Found Nathryaje's Antique Armour Boutique.
   326 | D:1      | Reached skill level 3 in Transmutations
   966 | D:2      | Reached XP level 3. HP: 25/28 MP: 6/6
  1101 | D:2      | Reached skill level 4 in Transmutations
  1766 | D:3      | Noticed Purgy
  1807 | D:3      | Killed Purgy
  1808 | D:3      | Reached skill level 5 in Transmutations
  1808 | D:3      | Reached XP level 4. HP: 11/35 MP: 5/7
  1808 | D:3      | Reached XP level 5. HP: 13/40 MP: 5/8
  1987 | D:3      | Learned a level 5 spell: Hydra Form
  2107 | D:3      | Found a burning altar of Makhleb.
  2107 | D:3      | Noticed a cacodemon
  2110 | D:3      | Noticed a neqoxec
  2110 | D:3      | Noticed a smoke demon
  2376 | D:4      | Found Lyfo's General Store.
  2461 | D:4      | Found a transporter.
  2461 | D:4      | Found a transporter.
  2472 | D:4      | Identified the +2 halberd "Etono" {elec, *Drain Str+2 Dex+5
                  | Stlth+}
  2476 | D:4      | Noticed casual's ghost (weakling OpDe)
  2546 | D:4      | Noticed a centaur
  2560 | D:4      | Killed a centaur
  2561 | D:4      | Reached skill level 6 in Transmutations
  2561 | D:4      | Reached XP level 6. HP: 31/47 MP: 9/9
  2814 | D:4      | Found a sparkling altar of Nemelex Xobeh.
  2886 | D:4      | Noticed Sigmund
  2901 | D:4      | Noticed Ijyb
  2913 | D:4      | Killed Ijyb
  2931 | D:4      | Killed Sigmund
  2932 | D:4      | Reached skill level 7 in Transmutations
  2932 | D:4      | Slain by an ogre

Illustrated notes

Levels and vault maps discovered:
D:1:      psy_arrival_fountain, layout_basic, serial_shops,
          nicolae_shop_crystal, grunt_decor_mini_mirrors
D:2:      layout_loops_corners
D:3:      layout_basic, makhleb_altar_promises_db, uniq_purgy
D:4:      layout_loops_corners, nemelex_xobeh_ov_fountains_minmay, serial_shops,
          nicolae_shop_window_shopping, gammafunk_ghost_gnarly_gnolls,
          minmay_misc_feat_diagonals, uniq_ijyb, uniq_sigmund

Skill      XL: |  1  2  3  4  5  6 |
---------------+-------------------+-----
Transmutations | 3 5 6 7 |  7.4
Fighting       | |  1.1
Dodging        | |  1.7
Unarmed Combat | |  3.0
Spellcasting   | |  2.0

Action                   |  1- 3 |  4- 6 || total
-------------------------+-------+-------++-------
Melee: Unarmed           |   119 |   111 ||   230
       Kick              |    18 |    25 ||    43
       Headbutt          |    12 |    13 ||    25
       Tailslap          |     8 |    11 ||    19
       Punch             |       |     1 ||     1
 Cast: Beastly Appendage |    26 |    19 ||    45
       Hydra Form        |       |     1 ||     1
  Use: Potion            |     3 |     4 ||     7
 Stab: Sleeping          |     2 |       ||     2
Armor: Skin              |    42 |    34 ||    76
Dodge: Dodged            |    85 |    62 ||   147

Table legend: (Time is in decaauts)
 A = Elapsed time spent in this place.
 B = Non-inter-level travel time spent in this place.
 C = Inter-level travel time spent in this place.
 D = Time resting spent in this place.
 E = Time spent auto-exploring this place.
 F = Levels seen in this place.
 G = Mean time per level.
                   A        B        C        D        E       F      G
               +--------+--------+--------+--------+--------+-----+--------+
         Total |   2917 |   2852 |     65 |      0 |   2354 |   4 |  729.2 |
       Dungeon |   2917 |   2852 |     65 |      0 |   2354 |   4 |  729.2 |
               +--------+--------+--------+--------+--------+-----+--------+

Top non-repeatable levels by time:
     D:1: 875 daAuts
     D:2: 840 daAuts
     D:3: 612 daAuts
     D:4: 589 daAuts
